 Dungeon Crawl Stone Soup version 0.23.2-1-ga50397a (webtiles) character file.

Game seed: 9087212770531085851

352448 Kairos the Slayer (level 23, 0/225 HPs)
             Began as a Formicid Fighter on Apr 17, 2019.
             Was a High Priest of Okawaru.
             Slain by a deep troll earth mage (8 damage)
             ... summoned by a boggart
             ... on level 1 of the Vaults on Apr 18, 2019.
             The game lasted 02:59:23 (44386 turns).

Kairos the Slayer (Formicid Fighter)               Turns: 44386, Time: 02:59:23

Health: 0/225      AC: 39    Str: 30    XL:     23   Next: 27%
Magic:  32/41      EV: 23    Int:  5    God:    Okawaru [*****.]
Gold:   1621       SH: 34    Dex: 10    Spells: 35/44 levels left

rFire    + + .     SeeInvis +   s - +7 great mace "Firestarter" {inner flame, rF++}
rCold    . . .     Gourm    .   Y - +10 large shield of Ignorance {rN+ Int-4}
rNeg     + + .     Faith    .   L - +5 plate armour {rN+}
rPois    +         Spirit   .   (helmet unavailable)
rElec    +         Reflect  .   J - +2 cloak {rPois}
rCorr    .         Harm     .   F - +0 pair of gloves "Lalonig" {Slay+3}
MR       ++...     Clarity  +   N - +1 pair of boots
Stlth    ..........             U - amulet of the Air {Inacc +Fly rElec EV+5 RMsl}
HPRegen  0.47/turn              a - +5 ring of protection
MPRegen  0.27/turn              y - +4 ring of evasion

@: heroism, repel missiles
A: permanent stasis, dig shafts and tunnels, four strong arms, antennae 3,
clarity, high mp 1, sense surroundings 1, robust 1, electricity resistance,
subdued magic 1, MP-powered wands
}: 2/15 runes: serpentine, barnacled
a: Dig, Shaft Self, Heroism, Finesse, Renounce Religion, Evoke Flight


You were on level 1 of the Vaults.
You worshipped Okawaru.
Okawaru was extremely pleased with you.
You were hungry.

You visited 8 branches of the dungeon, and saw 35 of its levels.
You visited 1 bazaar.
You also visited: Ice Cave and Wizlab.

You collected 4444 gold pieces.
You spent 2823 gold pieces at shops.

Inventory:

Hand Weapons
 o - the +12 Vampire's Tooth {vamp}
   (You found it on level 3 of the Elven Halls)

   It inflicts no extra harm, but heals its wielder when it wounds a living foe.
 s - the +7 great mace "Firestarter" (weapon) {inner flame, rF++}
   (You found it on level 2 of the Snake Pit)

   It has been specially enchanted to burn those struck by it, causing extra
   injury to most foes and up to half again as much damage against particularly
   susceptible opponents.
   It greatly protects you from fire.
 O - a +2 antimagic quarterstaff
 T - the +4 lajatang "Sarcophage" {speed, MP-9 Str+7 Int+3}
   (You bought it in a shop on level 9 of the Dungeon)

   Attacks with this weapon are significantly faster.
   It affects your strength (+7).
   It affects your intelligence (+3).
   It affects your magic capacity (-9).
 V - the +1 lajatang of Tortfeasance {slice, rElec rPois rC+ Dex+3}
   (You acquired it on level 4 of the Lair of Beasts)

   It inflicts extra damage upon your enemies.
   It affects your dexterity (+3).
   It protects you from cold.
   It insulates you from electricity.
   It protects you from poison.
Missiles
 u - 17 throwing nets (quivered)
Armour
 e - a scarf of resistance
 B - a +2 plate armour of fire resistance
 F - the +0 pair of gloves "Lalonig" (worn) {Slay+3}
   (Okawaru gifted it to you on level 4 of the Snake Pit)

   It affects your accuracy and damage with ranged weapons and melee attacks
   (+3).
 J - a +2 cloak of poison resistance (worn)
 L - a +5 plate armour of positive energy (worn)
 N - a +1 pair of boots (worn)
 S - a +1 plate armour of cold resistance
 Y - the +10 large shield of Ignorance (worn) {rN+ Int-4}
   (You took it off a deep elf death mage on level 3 of the Elven Halls)

   It affects your intelligence (-4).
   It protects you from negative energy.
 Z - the +3 plate armour of the Postmodern Gods {rC- Str+2 Dex+2 Slay+2}
   (Okawaru gifted it to you on level 1 of the Elven Halls)

   It affects your strength (+2).
   It affects your dexterity (+2).
   It affects your accuracy and damage with ranged weapons and melee attacks
   (+2).
   It makes you vulnerable to cold.
Jewellery
 a - a +5 ring of protection (left hand)
 i - the ring "Tyidoev" {Int+4 Stlth+}
   (You found it on level 4 of the Shoals)

   [ring of stealth]

   It affects your intelligence (+4).
   It makes you more stealthy.
 k - an uncursed ring of protection from fire
 v - the ring of Deagruph {Wiz *Contam rElec Str+4}
   (You found it on level 11 of the Dungeon)

   [ring of wizardry]

   It improves your spell success rate.
   It affects your strength (+4).
   It insulates you from electricity.
   It causes magical contamination when unequipped.
 y - a +4 ring of evasion (right hand)
 C - a +3 amulet of reflection
 E - an uncursed ring of protection from cold
 G - an uncursed amulet of regeneration
 U - the amulet of the Air (around neck) {Inacc +Fly rElec EV+5 RMsl}
   (You found it on level 11 of the Dungeon)

   [amulet of inaccuracy]

   It reduces the accuracy of all your attacks.
   It affects your evasion (+5).
   It insulates you from electricity.
   It lets you fly.
   It protects you from missiles.
Wands
 x - a wand of acid (15)
 z - a wand of scattershot (5)
 I - a wand of paralysis (4)
 K - a wand of digging (14)
Scrolls
 b - 4 scrolls of identify
 t - 3 scrolls of immolation
 A - 22 scrolls of remove curse
 D - a scroll of holy word
 H - 6 scrolls of fog
 Q - a scroll of fear
 R - 2 scrolls of brand weapon
 X - 6 scrolls of summoning
Potions
 c - 20 potions of mutation
 d - 8 potions of might
 g - 4 potions of magic
 h - 2 potions of lignification
 j - 10 potions of flight
 l - 9 potions of heal wounds
 m - 6 potions of resistance
 n - 6 potions of brilliance
 q - a potion of invisibility
 r - 3 potions of cancellation
 w - 14 potions of curing
 M - 3 potions of agility
 W - a potion of ambrosia
Miscellaneous
 p - 2 phantom mirrors
 P - a lamp of fire
Comestibles
 f - 33 rations


   Skills:
 + Level 22.9(27) Fighting
 - Level 3.0(15.0) Maces & Flails
 - Level 14.2(19.3) Staves
 + Level 0.6(5.6) Throwing
 + Level 17.2(22.2) Armour
 + Level 8.0(13.0) Dodging
 + Level 5.0(10.0) Stealth
 - Level 15.0(20.0) Shields
 + Level 0.1(5.1) Unarmed Combat
 * Level 11.0 Spellcasting
 - Level 6.7 Charms
 * Level 10.9 Necromancy
 - Level 10.1 Invocations
 + Level 4.2 Evocations


You had 35 spell levels left.
You knew the following spells:

 Your Spells              Type           Power        Failure   Level  Hunger
a - Regeneration          Chrm/Necr      #.........   3%          3    ###....
b - Invisibility          Hex            #.......     100%        6    #######

Your spell library contained the following spells:

 Spells                   Type           Power        Failure   Level  Hunger
 Animate Skeleton         Necr           N/A          1%          1    None
 Pain                     Necr           ##..         1%          1    None
 Corpse Rot               Necr           N/A          1%          2    ##.....
 Sublimation of Blood     Necr           ##........   1%          2    ##.....
 Vampiric Draining        Necr           ##........   1%          3    ###....
 Animate Dead             Necr           N/A          5%          4    ####...
 Agony                    Necr           ##......     16%         5    ######.
 Dispel Undead            Necr           ##......     16%         5    ######.
 Excruciating Wounds      Chrm/Necr      #.........   36%         5    ######.
 Apportation              Tloc           #.....       47%         1    None
 Confusing Touch          Hex            #.....       47%         1    None
 Corona                   Hex            #......      47%         1    None
 Flame Tongue             Conj/Fire      #....        47%         1    None
 Sandblast                Erth           #.....       47%         1    None
 Summon Butterflies       Summ           #.......     47%         1    None
 Call Imp                 Summ           #.......     63%         2    ##.....
 Ensorcelled Hibernation  Hex/Ice        #.....       63%         2    ##.....
 Passwall                 Tmut/Erth      #.......     63%         2    ##.....
 Throw Flame              Conj/Fire      #.....       63%         2    ##.....
 Death Channel            Necr           ##........   67%         6    #######
 Bolt of Draining         Conj/Necr      #.........   85%         5    ######.
 Borgnjor's Vile Clutch   Necr/Erth      #.........   85%         5    ######.
 Confuse                  Hex            #.......     86%         3    ###....
 Conjure Flame            Conj/Fire      #.......     86%         3    ###....
 Dazzling Spray           Conj/Hex       #.....       86%         3    ###....
 Gell's Gravitas          Tloc           #.........   86%         3    ###....
 Ignite Poison            Fire/Tmut/Pois #.......     86%         3    ###....
 Inner Flame              Hex/Fire       #.......     86%         3    ###....
 Lesser Beckoning         Tloc           #.........   86%         3    ###....
 Stone Arrow              Conj/Erth      #.....       86%         3    ###....
 Tukima's Dance           Hex            #.......     86%         3    ###....
 Petrify                  Tmut/Erth      #.......     99%         4    ####...
 Sticky Flame             Conj/Fire      #.......     99%         4    ####...
 Summon Ice Beast         Ice/Summ       #.......     99%         4    ####...
 Alistair's Intoxication  Tmut/Pois      #.......     100%        5    ######.
 Blade Hands              Tmut           #.........   100%        5    ######.
 Fireball                 Conj/Fire      #.........   100%        5    ######.
 Irradiate                Conj/Tmut      #.........   100%        5    ######.
 Lee's Rapid Deconstruct  Erth           #.........   100%        5    ######.
 Metabolic Englaciation   Hex/Ice        #.........   100%        5    ######.
 Silence                  Hex/Air        #.........   100%        5    ######.
 Yara's Violent Unravell  Hex/Tmut       #.........   100%        5    ######.
 Darkness                 Hex            #.........   100%        6    #######
 Hydra Form               Tmut           #.........   100%        6    #######
 Poison Arrow             Conj/Pois      #.........   100%        6    #######
 Shadow Creatures         Summ           N/A          100%        6    #######
 Statue Form              Tmut/Erth      #........    100%        6    #######
 Dragon Form              Tmut           #.........   100%        7    #######
 Haunt                    Necr/Summ      #.........   100%        7    #######
 Malign Gateway           Summ/Tloc      #.........   100%        7    #######
 Borgnjor's Revivificati  Necr           ##........   100%        8    #######
 Chain Lightning          Conj/Air       #.........   100%        8    #######
 Death's Door             Chrm/Necr      #.........   100%        8    #######
 Infestation              Necr           ##........   100%        8    #######
 Lehudib's Crystal Spear  Conj/Erth      #.........   100%        8    #######
 Necromutation            Tmut/Necr      #.........   100%        8    #######
 Fire Storm               Conj/Fire      #.........   100%        9    #######
 Glaciate                 Conj/Ice       #.........   100%        9    #######


Dungeon Overview and Level Annotations

Branches:
Dungeon (14/15)            Temple (1/1) D:6            Lair (6/6) D:8
 Shoals (4/4) Lair:3        Snake (4/4) Lair:2        Slime (0/5) Lair:6
    Orc (2/2) D:10            Elf (3/3) Orc:2        Vaults (1/5) D:14

Altars:
Ashenzari
Dithmenos
Elyvilon
Fedhas
Gozag
Kikubaaqudgha
Makhleb
Okawaru
Sif Muna
Uskayaw
Wu Jian
Xom
Yredelemnul
Zin
Beogh
Jiyva

Shops:
D:9 *   D:10 :   Orc:2 ([((?   Snake:3 [!(   Vaults:1 (

Portals:
Trove: D:11 (give 7 potions of agility)

Annotations:
D:13 1 runed translucent door
Lair:6 1 runed translucent door
Snake:3 1 runed translucent door, Sokuv's ghost, adept DECj
Elf:3 1 runed translucent door, crawlian's ghost, adept FoFi


Innate Abilities, Weirdness & Mutations

You cannot be hasted, slowed, berserked, paralysed or teleported.
You can dig through walls and to a lower floor.
Your four strong arms can wield two-handed weapons with a shield.
You have a pair of large antennae on your head. (SInv)
You possess an exceptional clarity of mind.
You have an increased reservoir of magic. (+10% MP)
You passively map a small area around you.
You are robust. (+10% HP)
You are resistant to electric shocks. (rElec)
Your spells are a little easier to cast, but a little less powerful.
You expend magic power (3 MP) to strengthen your wands.


Message History

* * * LOW HITPOINT WARNING * * *
You block the deep troll's attack. The deep troll closely misses you.
You block the deep troll's attack. The deep troll barely misses you.
The deep troll misses you.
The boggart mumbles some strange words.
The boggart blinks!
The deep troll earth mage misses you.
The deep troll earth mage completely misses you.
The deep troll earth mage closely misses you.
You feel much better. You block the two-headed ogre's attack.
The two-headed ogre misses you. You block the deep troll's attack. x3
The deep troll bites you!
* * * LOW HITPOINT WARNING * * *
The deep troll claws you but does no damage.
You block the deep troll's attack. The deep troll bites you!
* * * LOW HITPOINT WARNING * * *
The deep troll claws you but does no damage. x2
The deep troll earth mage bites you but does no damage.
You block the deep troll earth mage's attack.
The deep troll earth mage claws you!
You die...

#######....................#
...........................#
...........................#
...............#########...#
###............#.......#...#
..'............#..C....#...#
..#............#gO....(#...#
..#............#TT.....#...#
..#............#@Tc....#...#
..#............#OT.....#...#
..#............[OO.....#...#
'######........#)......#...#
......#........#.g.....#...#
..#...#........#.......#...#
..#/..#........#########...#
..###.#....................#
......#..########..........#


You could see a yaktaur captain, a two-headed ogre, 3 deep trolls, a cyclops, a
deep troll earth mage, 3 ogres and 2 boggarts.

Vanquished Creatures
  Mara (Shoals:2)
  Saint Roka (Orc:2)
  Vashnia (Snake:3)
  Nikola (Shoals:3)
  A mutant beast (WizLab)
  Jorgrun (Elf:1)
  Rupert (D:13)
  A deep elf master archer (Elf:3)
  Gastronok (Lair:1)
  Agnes (Elf:3)
  2 deep elf blademasters
  Kirke (Shoals:1)
  A kraken (Shoals:2)
  The ghost of Pad the Fencer, an adept DsGl of Wu Jian (Snake:2)
  9 nagarajas
  Donald (Shoals:4)
  7 deep elf sorcerers
  2 frost giants
  Aizul (Snake:4)
  6 very ugly things (WizLab)
  A spriggan defender (Elf:3)
  5 deep elf elementalists
  An entropy weaver (Vaults:1)
  4 deep elf demonologists
  A dire elephant (Lair:3)
  4 deep elf annihilators
  5 merfolk javelineers
  7 deep elf death magi (Elf:3)
  Josephine (Snake:1)
  A fire dragon (Vaults:1)
  7 merfolk impalers
  4 deep elf high priests (Elf:3)
  26 naga warriors
  A yaktaur captain (Vaults:1)
  Harold (D:7)
  11 hydras
  9 vault guards
  Erolcha (Orc:1)
  12 anacondas
  4 catoblepae
  4 merfolk avatars
  An alligator snapping turtle (Shoals:4)
  7 two-headed ogres
  An alligator (Lair:3)
  5 centaur warriors
  The ghost of DungeonDestroyer the Cleaver, a novice MiFi of Gozag (D:10)
  A merfolk aquamancer (Shoals:3)
  2 satyrs
  3 death yaks (Lair:6)
  2 orc high priests (Orc:2)
  2 ogre magi (Vaults:1)
  26 dancing weapons
  Urug (Lair:1)
  8 shock serpents
  23 deep elf knights
  16 naga sharpshooters
  An iron golem (WizLab)
  A fire crab (shapeshifter) (WizLab)
  2 salamander mystics
  Sonja (D:13)
  An unseen horror (D:10)
  21 sea snakes
  2 death drakes (shapeshifter)
  8 naga ritualists
  A swamp dragon (shapeshifter) (WizLab)
  24 deep elf archers
  Pikel (D:4)
  A lindwurm (Lair:6)
  An ironbrand convoker (Vaults:1)
  A deep troll (shapeshifter) (WizLab)
  4 orc knights
  An oklob plant (Lair:5)
  A necromancer (D:10)
  A harpy (shapeshifter) (WizLab)
  3 wolf spiders
  14 mana vipers
  81 deep elf magi
  15 harpies
  3 orc sorcerers
  23 ugly things
  7 fauns (Shoals:1)
  17 manticores
  19 salamanders
  3 cyclopes
  A cyclops (shapeshifter) (WizLab)
  A salamander (shapeshifter) (WizLab)
  Maurice (D:8)
  A moth of wrath (shapeshifter) (Vaults:1)
  39 black mambas
  A guardian serpent (shapeshifter) (WizLab)
  2 vault sentinels (Vaults:1)
  Joseph (D:8)
  A centaur zombie (D:14)
  12 guardian serpents
  2 water nymphs (shapeshifter)
  A torpor snail (Lair:6)
  17 naga magi
  7 elephants (Lair:2)
  An ice statue (IceCv)
  3 merfolk sirens
  Psyche (D:9)
  A gargoyle (D:11)
  An eye of devastation (shapeshifter) (WizLab)
  A black mamba (shapeshifter) (WizLab)
  6 water nymphs
  11 spiny frogs
  7 komodo dragons
  A spiny frog (shapeshifter) (WizLab)
  3 yaktaurs (Vaults:1)
  A yaktaur (shapeshifter) (Vaults:1)
  6 rime drakes
  A komodo dragon (shapeshifter) (WizLab)
  2 elves (WizLab)
  A redback zombie (D:14)
  A queen bee (shapeshifter) (WizLab)
  16 polar bears
  23 merfolk
  A merfolk (shapeshifter) (Elf:1)
  2 hornets
  4 slime creatures (D:13)
  A jumping spider (Vaults:1)
  A polar bear (shapeshifter) (WizLab)
  A troll (shapeshifter) (WizLab)
  9 wind drakes
  6 trolls
  12 blink frogs
  A blink frog (shapeshifter) (WizLab)
  28 hippogriffs
  13 snapping turtles
  2 raiju (shapeshifter) (WizLab)
  A wind drake (shapeshifter) (WizLab)
  2 hippogriffs (shapeshifter) (WizLab)
  2 air elementals (Elf:3)
  Sigmund (D:4)
  7 wraiths
  2 redbacks (Vaults:1)
  A spriggan (D:8)
  14 wyverns
  7 basilisks
  3 fire elementals (Elf:2)
  10 water elementals
  75 yaks
  A human (shapeshifter) (WizLab)
  2 golden eyes (shapeshifter) (WizLab)
  7 large abominations (WizLab)
  4 humans (WizLab)
  A vampire mosquito (D:11)
  A hungry ghost (D:12)
  4 swamp worms (Lair:1)
  A basilisk (shapeshifter) (WizLab)
  A swamp worm (shapeshifter) (WizLab)
  A soldier ant (D:13)
  78 nagas
  Duvessa (D:6)
  2 acid dragons
  An acid dragon (shapeshifter) (WizLab)
  5 wargs
  9 porcupines
  26 water moccasins
  4 floating eyes (WizLab)
  38 orc warriors
  3 black bears
  3 sky beasts
  A necrophage (D:11)
  An ice beast (D:9)
  16 ogres
  4 phantoms
  2 black bears (shapeshifter) (WizLab)
  10 small abominations
  6 eyes of draining (shapeshifter)
  3 eyes of draining
  9 boggarts
  22 centaurs
  27 wolves
  14 crocodiles
  A big kobold (shapeshifter) (WizLab)
  A big kobold (D:11)
  15 bullfrogs
  An earth elemental (Elf:3)
  A gnoll sergeant (D:10)
  Dowan (D:6)
  2 wyvern skeletons
  4 scorpions
  A water moccasin skeleton (D:11)
  4 wights (D:11)
  2 electric eels
  4 howler monkeys
  10 crimson imps
  6 bullfrog zombies
  6 hounds
  5 jellies
  2 quasits
  23 orc priests
  6 centaur skeletons
  27 orc wizards
  Jessica (D:2)
  4 bullfrog skeletons
  Terence (D:2)
  Natasha (thrice) (D:2)
  3 iguanas
  14 worker ants
  3 yak simulacra (D:10)
  5 wolf simulacra (D:10)
  A hound skeleton (D:11)
  3 worker ant zombies
  2 howler monkey zombies (D:11)
  13 gnolls
  21 adders
  A howler monkey skeleton (D:11)
  3 shadow imps
  12 white imps (D:13)
  An ooze (D:3)
  An adder skeleton (D:9)
  3 worms
  2 dart slugs
  6 leopard geckos
  138 orcs
  3 giant cockroaches
  16 goblins
  10 hobgoblins
  16 jackals
  9 kobolds
  3 quokkas
  5 ball pythons
  7 bats
  6 frilled lizards
  A leopard gecko skeleton (D:5)
  3 rats (D:1)
  3 river rat simulacra (D:10)
  A crawling corpse (Elf:3)
  A fungus (Lair:5)
  5 plants
  6 tentacles
1654 creatures vanquished.

Vanquished Creatures (others)
  2 deep elf master archers (Elf:3)
  A polar bear (IceCv)
  A human (Shoals:1)
  A naga (Snake:2)
  A slave (D:4)
  A wolf (IceCv)
  4 gnolls (D:4)
  2 orcs
  7 fungi
  7 plants
  10 tentacles
  5 toadstools (Lair:3)
42 creatures vanquished.

Grand Total: 1696 creatures vanquished

Notes
Turn   | Place    | Note
-------+----------+-------------------------------------------
     0 | D:1      | Kairos the Formicid Fighter began the quest for the Orb.
     0 | D:1      | Reached XP level 1. HP: 18/18 MP: 1/1
   136 | D:1      | Reached XP level 2. HP: 22/24 MP: 2/2
   262 | D:1      | Reached XP level 3. HP: 26/29 MP: 3/3
   743 | D:2      | Noticed Jessica
   747 | D:2      | Killed Jessica
   747 | D:2      | Reached XP level 4. HP: 37/37 MP: 4/4
   867 | D:2      | Noticed Terence
   881 | D:2      | Killed Terence
   881 | D:2      | Reached XP level 5. HP: 41/42 MP: 5/5
  1014 | D:2      | Found a deep blue altar of Sif Muna.
  1116 | D:2      | Noticed Natasha
  1137 | D:2      | Killed Natasha
  1137 | D:2      | Reached skill level 4 in Fighting
  1384 | D:2      | Noticed Natasha
  1389 | D:2      | Killed Natasha
  1389 | D:2      | Reached XP level 6. HP: 45/48 MP: 6/6
  1492 | D:2      | Noticed Natasha
  1498 | D:2      | Killed Natasha
  2487 | D:4      | Reached skill level 1 in Dodging
  2495 | D:4      | Reached XP level 7. HP: 45/54 MP: 7/7
  2505 | D:4      | Reached skill level 5 in Shields
  2522 | D:4      | Noticed Pikel
  2535 | D:4      | HP: 1/54 [Pikel/+1 whip of electrocution (12)]
  2543 | D:4      | Killed Pikel
  2543 | D:4      | Reached XP level 8. HP: 39/61 MP: 8/8
  2551 | D:4      | Noticed Sigmund
  2556 | D:4      | Killed Sigmund
  2556 | D:4      | Reached skill level 5 in Fighting
  2815 | D:4      | Reached skill level 5 in Armour
  3219 | D:5      | Entered Level 5 of the Dungeon
  3534 | D:5      | Reached XP level 9. HP: 60/68 MP: 9/9
  4903 | D:6      | Got a polished buckler
  4914 | D:6      | Identified the +0 buckler "Dyneriog" {Str+4} (You found it
                  | on level 6 of the Dungeon)
  4991 | D:6      | Noticed Dowan
  4991 | D:6      | Noticed Duvessa
  5014 | D:6      | Killed Duvessa
  5014 | D:6      | Reached skill level 6 in Fighting
  5029 | D:6      | Killed Dowan
  5406 | D:6      | Found an ancient bone altar of Kikubaaqudgha.
  5407 | D:6      | Found a white marble altar of Elyvilon.
  5431 | D:6      | Found a staircase to the Ecumenical Temple.
  5448 | Temple   | Entered the Ecumenical Temple
  5454 | Temple   | Became a worshipper of Warmaster Okawaru
  5764 | D:7      | Noticed Harold
  5789 | D:7      | Killed Harold
  5789 | D:7      | Reached * piety under Okawaru
  5789 | D:7      | Reached XP level 10. HP: 39/77 MP: 10/10
  6160 | D:7      | Reached skill level 1 in Stealth
  6603 | D:8      | Noticed Joseph
  6607 | D:8      | Found a staircase to the Lair.
  6845 | D:8      | Killed Joseph
  6845 | D:8      | Reached ** piety under Okawaru
  6895 | D:8      | Noticed Maurice
  6927 | D:8      | Killed Maurice
  6991 | D:8      | Found a burning altar of Makhleb.
  7088 | D:8      | Found an ornate altar of the Wu Jian Council.
  7229 | D:8      | Reached skill level 10 in Staves
  7599 | Lair:1   | Entered Level 1 of the Lair of Beasts
  7608 | Lair:1   | Noticed a spiny frog
  7616 | Lair:1   | Killed a spiny frog
  7616 | Lair:1   | Reached *** piety under Okawaru
  7616 | Lair:1   | Reached skill level 7 in Fighting
  7689 | Lair:1   | Noticed a spiny frog
  7704 | Lair:1   | Killed a spiny frog
  7750 | Lair:1   | Noticed Gastronok
  7755 | Lair:1   | Identified 2 scrolls of acquirement
  7778 | Lair:1   | Killed Gastronok
  7778 | Lair:1   | Reached **** piety under Okawaru
  7778 | Lair:1   | Reached skill level 8 in Fighting
  7778 | Lair:1   | Reached skill level 1 in Evocations
  7778 | Lair:1   | Reached XP level 11. HP: 54/86 MP: 8/11
  7824 | Lair:1   | Noticed a five-headed hydra
  7838 | Lair:1   | Killed a five-headed hydra
  7850 | Lair:1   | Noticed a seven-headed hydra
  7865 | Lair:1   | Killed a seven-headed hydra
  7945 | Lair:1   | Noticed Urug
  7957 | Lair:1   | Killed Urug
  8117 | Lair:1   | Reached skill level 1 in Invocations
  8659 | Lair:2   | Noticed an elephant
  8672 | Lair:2   | Reached ***** piety under Okawaru
  8707 | Lair:2   | Killed an elephant
  8710 | Lair:2   | Reached XP level 12. HP: 67/94 MP: 10/13
  8786 | Lair:2   | Reached skill level 10 in Shields
  8804 | Lair:2   | Reached skill level 9 in Fighting
  8974 | Lair:2   | Found a staircase to the Snake Pit.
  8984 | Lair:2   | Received a gift from Okawaru
  9213 | Lair:2   | Received a gift from Okawaru
  9256 | Lair:2   | Noticed a five-headed hydra
  9274 | Lair:2   | Killed a five-headed hydra
  9544 | Lair:2   | Reached skill level 5 in Invocations
  9810 | Lair:3   | Received a gift from Okawaru
  9819 | Lair:3   | Reached XP level 13. HP: 102/102 MP: 17/17
  9979 | Lair:3   | Reached ****** piety under Okawaru
 10039 | Lair:3   | Found a runed translucent door.
 10076 | Lair:3   | Noticed a dire elephant
 10076 | Lair:3   | Noticed a catoblepas
 10181 | Lair:3   | Noticed an eight-headed hydra
 10199 | Lair:3   | Killed an eight-headed hydra
 10199 | Lair:3   | Reached skill level 10 in Fighting
 10347 | Lair:3   | Found a staircase to the Shoals.
 10907 | Lair:4   | Got a pitted lajatang
 10908 | Lair:4   | Identified the +1 lajatang of Tortfeasance {slice, rElec
                  | rPois rC+ Dex+3} (You acquired it on level 4 of the Lair of
                  | Beasts)
 11029 | Lair:4   | Noticed a five-headed hydra
 11043 | Lair:4   | Killed a five-headed hydra
 11439 | Lair:4   | Noticed a seven-headed hydra
 11508 | Lair:4   | Killed a seven-headed hydra
 11508 | Lair:4   | Received a gift from Okawaru
 11597 | Lair:4   | Got a jewelled large shield {god gift}
 11608 | Lair:4   | Identified the +4 large shield of Okawaru's Hope {rCorr}
                  | (Okawaru gifted it to you on level 4 of the Lair of Beasts)
 11876 | Lair:5   | Reached XP level 14. HP: 111/111 MP: 20/20
 12689 | Lair:5   | Found a blossoming altar of Fedhas.
 12876 | Lair:6   | Entered Level 6 of the Lair of Beasts
 12978 | Lair:6   | Reached skill level 10 in Armour
 13089 | Lair:6   | Reached skill level 11 in Fighting
 13240 | Lair:6   | Received a gift from Okawaru
 13303 | Lair:6   | Found a runed translucent door.
 13306 | Lair:6   | Found a viscous altar of Jiyva.
 13497 | Lair:6   | Received a gift from Okawaru
 13689 | Lair:6   | Reached skill level 10 in Invocations
 13757 | Lair:6   | Got an encrusted shield
 13768 | Lair:6   | Identified the +0 shield "Icoa" {rElec Int+4 Stlth-} (You
                  | found it on level 6 of the Lair of Beasts)
 13966 | Lair:6   | Found a staircase to the Slime Pits.
 14734 | Snake:1  | Entered Level 1 of the Snake Pit
 14863 | Snake:1  | Reached XP level 15. HP: 100/119 MP: 22/22
 15193 | Snake:1  | Received a gift from Okawaru
 15315 | Snake:1  | Noticed Josephine
 15332 | Snake:1  | Killed Josephine
 15525 | Snake:1  | Reached skill level 15 in Shields
 15715 | Snake:1  | Reached skill level 12 in Fighting
 16584 | Snake:1  | Reached skill level 5 in Dodging
 16586 | Snake:1  | Received a gift from Okawaru
 16586 | Snake:1  | Reached skill level 13 in Fighting
 17068 | Snake:2  | Reached XP level 16. HP: 68/131 MP: 23/23
 17431 | Snake:2  | Received a gift from Okawaru
 18194 | Snake:2  | Reached skill level 14 in Fighting
 18284 | Snake:2  | Found a runed translucent gate.
 18284 | Snake:2  | Found a runed translucent gate.
 18284 | Snake:2  | Found a runed translucent gate.
 18340 | Snake:2  | Found the +7 great mace "Firestarter" {inner flame, rF++}
 18340 | Snake:2  | Noticed Pad's ghost (adept DsGl)
 18913 | Snake:2  | Killed Pad's ghost
 19000 | Snake:2  | Received a gift from Okawaru
 19168 | Snake:3  | Found Xaihadoo's Armour Shoppe.
 19194 | Snake:3  | Bought a +1 plate armour of positive energy for 640 gold
                  | pieces
 19276 | Snake:3  | Noticed a nagaraja
 19277 | Snake:3  | Noticed a nagaraja
 19791 | Snake:3  | Killed a nagaraja
 19799 | Snake:3  | Killed a nagaraja
 19799 | Snake:3  | Reached skill level 1 in Maces & Flails
 19815 | Snake:3  | Found Mujow's Distillery.
 19979 | Snake:3  | Noticed Vashnia
 20019 | Snake:3  | Received a gift from Okawaru
 20037 | Snake:3  | Killed Vashnia
 20037 | Snake:3  | Reached skill level 15 in Fighting
 20092 | Snake:3  | Found Litredo's Weapon Shop.
 20450 | Snake:3  | Found a shattered altar of Ashenzari.
 20451 | Snake:3  | Noticed a nagaraja
 20465 | Snake:3  | Killed a nagaraja
 20465 | Snake:3  | Received a gift from Okawaru
 20465 | Snake:3  | Reached XP level 17. HP: 107/142 MP: 24/24
 20648 | Snake:3  | Found a runed translucent door.
 20650 | Snake:3  | Noticed Sokuv's ghost (adept DECj)
 20757 | Snake:4  | Entered Level 4 of the Snake Pit
 20912 | Snake:4  | Noticed Aizul
 20935 | Snake:4  | Killed Aizul
 20935 | Snake:4  | Received a gift from Okawaru
 21358 | Snake:4  | Reached skill level 16 in Fighting
 22047 | Snake:4  | Received a gift from Okawaru
 22171 | Snake:4  | Reached skill level 17 in Fighting
 22250 | Snake:4  | Received a gift from Okawaru
 23169 | Snake:4  | Reached XP level 18. HP: 149/155 MP: 25/25
 23487 | Snake:4  | Reached skill level 18 in Fighting
 23639 | Snake:4  | Received a gift from Okawaru
 23658 | Snake:4  | Got a pair of pitted gloves {god gift}
 23669 | Snake:4  | Identified the +0 pair of gloves "Lalonig" {Slay+3}
                  | (Okawaru gifted it to you on level 4 of the Snake Pit)
 23735 | Snake:4  | Got a serpentine rune of Zot
 23955 | Shoals:1 | Entered Level 1 of the Shoals
 24152 | Shoals:1 | Noticed Kirke
 24200 | Shoals:1 | Killed Kirke
 24200 | Shoals:1 | Reached skill level 15 in Armour
 24559 | Shoals:1 | Noticed a kraken
 24904 | Shoals:2 | Reached skill level 19 in Fighting
 24960 | Shoals:2 | Received a gift from Okawaru
 25160 | Shoals:2 | Noticed a kraken
 25177 | Shoals:2 | Killed a kraken
 25534 | Shoals:3 | Noticed Mara
 25535 | Shoals:3 | Noticed Kairos's illusion
 25554 | Shoals:2 | Noticed Kairos's illusion
 25555 | Shoals:2 | Killed Mara
 25745 | Shoals:3 | Reached XP level 19. HP: 167/167 MP: 26/26
 26082 | Shoals:4 | Entered Level 4 of the Shoals
 26103 | Shoals:4 | Learned a level 3 spell: Regeneration
 26135 | Shoals:4 | Noticed Nikola
 26157 | Shoals:3 | Killed Nikola
 26820 | Shoals:3 | Reached skill level 20 in Fighting
 27148 | Shoals:3 | Received a gift from Okawaru
 27416 | Shoals:4 | Got a barnacled rune of Zot
 27524 | Shoals:4 | Identified the +4 shield of the Moneychanger {*Contam rPois
                  | rF+ Dex+5}
 27524 | Shoals:4 | Noticed Donald
 27563 | Shoals:4 | Killed Donald
 27789 | Shoals:4 | Got a fine marble ring
 27791 | Shoals:4 | Identified the ring "Tyidoev" {Int+4 Stlth+} (You found it
                  | on level 4 of the Shoals)
 29089 | D:9      | Noticed Psyche
 29098 | D:9      | Killed Psyche
 29372 | D:9      | Found Egunyghe's General Store.
 29677 | D:10     | Entered Level 10 of the Dungeon
 29740 | D:10     | Found a runed translucent door.
 29742 | D:10     | Noticed DungeonDestroyer's ghost (novice MiFi)
 29743 | D:10     | Found the +4 dagger "Morg" {pain, MR+ Int+5}
 29763 | D:10     | Killed DungeonDestroyer's ghost
 30022 | D:10     | Found Zil Raa's Book Shop.
 30080 | D:10     | Found a roughly hewn altar of Beogh.
 30080 | D:10     | Found a staircase to the Orcish Mines.
 30459 | D:9      | Bought the +4 lajatang "Sarcophage" {speed, MP-9 Str+7
                  | Int+3} for 1037 gold pieces
 30712 | Orc:1    | Entered Level 1 of the Orcish Mines
 30761 | Orc:1    | Noticed Erolcha
 30767 | Orc:1    | Received a gift from Okawaru
 30775 | Orc:1    | Killed Erolcha
 30775 | Orc:1    | Reached skill level 1 in Spellcasting
 30775 | Orc:1    | Reached skill level 1 in Charms
 30856 | Orc:1    | Reached skill level 1 in Necromancy
 31034 | Orc:2    | Entered Level 2 of the Orcish Mines
 31306 | Orc:2    | Found a roughly hewn altar of Beogh.
 31315 | Orc:2    | Found Rijynaiz's Antique Weapon Emporium.
 31402 | Orc:2    | Found a roughly hewn altar of Beogh.
 31431 | Orc:2    | Found Caibrash's Weapon Shoppe.
 31546 | Orc:2    | Found a staircase to the Elven Halls.
 31707 | Orc:2    | Found a roughly hewn altar of Beogh.
 31787 | Orc:2    | Noticed Saint Roka
 31854 | Orc:2    | Killed Saint Roka
 31854 | Orc:2    | Reached XP level 20. HP: 112/178 MP: 15/27
 31982 | Orc:2    | Found Kopruz's Antique Armour Boutique.
 31983 | Orc:2    | Found a roughly hewn altar of Beogh.
 31984 | Orc:2    | Found Amoodol's Antique Weapon Shop.
 32060 | Orc:2    | Found a roughly hewn altar of Beogh.
 32083 | Orc:2    | Found Poin's Magic Scroll Emporium.
 32251 | Orc:2    | Found a roughly hewn altar of Beogh.
 32342 | Elf:1    | Entered Level 1 of the Elven Halls
 32348 | Elf:1    | Noticed a Hell Sentinel
 32640 | Elf:1    | Received a gift from Okawaru
 32736 | Elf:1    | Noticed Jorgrun
 32757 | Elf:1    | Killed Jorgrun
 32919 | Elf:1    | Reached skill level 5 in Spellcasting
 32928 | Elf:1    | Received a gift from Okawaru
 33056 | Elf:1    | Reached skill level 5 in Necromancy
 33133 | Elf:1    | Reached skill level 5 in Charms
 34284 | Elf:1    | Received a gift from Okawaru
 34287 | Elf:1    | Got a dazzling plate armour {god gift}
 34298 | Elf:1    | Identified the +3 plate armour of the Postmodern Gods {rC-
                  | Str+2 Dex+2 Slay+2} (Okawaru gifted it to you on level 1 of
                  | the Elven Halls)
 34590 | Elf:2    | Found a magical portal.
 34650 | WizLab   | Entered Cigotuvi's Fleshworks
 34792 | WizLab   | Gained mutation: You passively map a small area around you.
                  | [mutagenic glow]
 34851 | WizLab   | Gained mutation: You are frail. (-10% HP) [mutagenic glow]
 34892 | WizLab   | Reached XP level 21. HP: 154/164 MP: 22/31
 34926 | WizLab   | Gained mutation: Scrolls take you a little longer to read.
                  | [mutagenic glow]
 34993 | WizLab   | Gained mutation: You occasionally shout uncontrollably at
                  | your foes. [mutagenic glow]
 35108 | WizLab   | Found the -2 hat of the Alchemist {rElec rPois rF+ rC+ rN+
                  | MR+ rMut rCorr}
 35826 | WizLab   | Identified Cigotuvi's Catalogue of Evil Transmigration
 35909 | WizLab   | Received a gift from Okawaru
 35936 | WizLab   | Lost mutation: Scrolls take you a little longer to read.
                  | [potion of mutation]
 35936 | WizLab   | Lost mutation: You are frail. (-10% HP) [potion of
                  | mutation]
 35936 | WizLab   | Gained mutation: You have an increased reservoir of magic.
                  | (+10% MP) [potion of mutation]
 35936 | WizLab   | Gained mutation: You are dopey. (Int -2) [potion of
                  | mutation]
 35936 | WizLab   | Gained mutation: You expend magic power (3 MP) to
                  | strengthen your wands. [potion of mutation]
 35937 | WizLab   | Lost mutation: You are dopey. (Int -2) [potion of mutation]
 35937 | WizLab   | Lost mutation: You occasionally shout uncontrollably at
                  | your foes. [potion of mutation]
 35937 | WizLab   | Gained mutation: You are resistant to electric shocks.
                  | (rElec) [potion of mutation]
 35937 | WizLab   | Gained mutation: You are robust. (+10% HP) [potion of
                  | mutation]
 35937 | WizLab   | Gained mutation: Your spells are a little easier to cast,
                  | but a little less powerful. [potion of mutation]
 35937 | WizLab   | Gained mutation: You possess an exceptional clarity of
                  | mind. [potion of mutation]
 36589 | Elf:2    | Found a huge runed translucent gate.
 36589 | Elf:2    | Found a huge runed translucent gate.
 36589 | Elf:2    | Found a huge runed translucent gate.
 36589 | Elf:2    | Found a huge runed translucent gate.
 36589 | Elf:2    | Found a huge runed translucent gate.
 36666 | Elf:2    | Reached skill level 21 in Fighting
 37030 | Elf:3    | Entered Level 3 of the Elven Halls
 37124 | Elf:3    | Noticed Agnes
 37140 | Elf:3    | Killed Agnes
 37343 | Elf:3    | Reached skill level 5 in Stealth
 37442 | Elf:3    | Received a gift from Okawaru
 37793 | Elf:3    | Found a runed translucent door.
 37793 | Elf:3    | Found a shimmering altar of Xom.
 37793 | Elf:3    | Noticed crawlian's ghost (adept FoFi)
 37793 | Elf:3    | Identified the +10 dire flail "Inuof" {chaos, Str+3 Dex+7}
 37902 | Elf:3    | Reached XP level 22. HP: 208/213 MP: 30/39
 38211 | Elf:3    | Received a gift from Okawaru
 38464 | Elf:3    | Reached skill level 10 in Spellcasting
 38509 | Elf:3    | Reached skill level 22 in Fighting
 38548 | Elf:3    | Reached skill level 10 in Necromancy
 38553 | Elf:3    | Found the +8 Wrath of Trog {antimagic, *Rage}
 38555 | Elf:3    | Found the +12 Vampire's Tooth {vamp}
 38572 | Elf:3    | Identified Sif Muna's Disquisition on Supportive Stolen
                  | Souls
 38753 | Elf:3    | Got a faintly glowing hand crossbow
 38754 | Elf:3    | Identified the +4 hand crossbow of Vengeance {penet, rElec
                  | MR- Dex+3} (You found it on level 3 of the Elven Halls)
 38810 | Elf:3    | Got a steaming dagger
 38811 | Elf:3    | Identified the +6 dagger "Yddom" {pierce, Int+3} (You found
                  | it on level 3 of the Elven Halls)
 38849 | Elf:3    | Learned a level 6 spell: Invisibility
 39104 | D:11     | Found a flickering gateway to a bazaar.
 39196 | D:11     | Found the amulet of the Air {Inacc +Fly rElec EV+5 RMsl}
 39444 | Bazaar   | Entered a bazaar
 39447 | Bazaar   | Found Rojy's General Store.
 39477 | Bazaar   | Found Qegidack's Distillery.
 39477 | Bazaar   | Found Zeofan's Book Shop.
 39504 | Bazaar   | Found Adutzor's Distillery.
 39555 | Bazaar   | Bought a potion of curing for 27 gold pieces
 39555 | Bazaar   | Bought a potion of resistance for 90 gold pieces
 39555 | Bazaar   | Bought a potion of curing for 27 gold pieces
 39555 | Bazaar   | Bought a potion of might for 36 gold pieces
 39569 | Bazaar   | Bought a potion of brilliance for 36 gold pieces
 39581 | Bazaar   | Bought a book of Dreams for 675 gold pieces
 39609 | Bazaar   | Bought a potion of curing for 51 gold pieces
 39609 | Bazaar   | Bought a potion of agility for 68 gold pieces
 39609 | Bazaar   | Bought a potion of heal wounds for 85 gold pieces
 39609 | Bazaar   | Bought a potion of curing for 51 gold pieces
 39705 | D:11     | Identified the ring of Deagruph {Wiz *Contam rElec Str+4}
                  | (You found it on level 11 of the Dungeon)
 39710 | D:11     | Found a portal to a secret trove of treasure.
 39747 | D:11     | Received a gift from Okawaru
 39948 | D:11     | Identified the +7 short sword of Intuition {pain, rPois
                  | Int+4} (You found it on level 11 of the Dungeon)
 39969 | D:11     | Identified the Catalogue of Evil and Calling
 40000 | D:11     | Found the +0 mask of the Dragon {MR+ Slay+3 SInv}
 41260 | D:13     | Found a frozen archway.
 41302 | IceCv    | Entered an ice cave
 42222 | D:13     | Noticed Sonja
 42290 | D:13     | Killed Sonja
 42454 | D:13     | Noticed Rupert
 42483 | D:13     | Killed Rupert
 42671 | D:13     | Found a runed translucent door.
 43269 | D:14     | Found a gate to the Vaults.
 43300 | D:14     | Reached XP level 23. HP: 184/225 MP: 41/41
 43630 | Vaults:1 | Entered Level 1 of the Vaults
 44128 | Vaults:1 | Found Vicroil's Weapon Shop.
 44211 | Vaults:1 | Received a gift from Okawaru
 44386 | Vaults:1 | HP: 8/225 [deep troll[a boggart] (17)]
 44386 | Vaults:1 | Slain by a deep troll earth mage

Skill      XL: |  1  2  3  4  5  6  7  8  9 10 11 12 13 14 15 16 17 18 19 20 21 22 23 |
---------------+----------------------------------------------------------------------+-----
Armour         | 4 5 7 8 9 10 11 13 14 15 16 17 | 17.2
Shields        | 4 6 8 9 11 12 13 15 | 15.0
Staves         | 3 4 6 7 9 10 11 12 13 14 | 14.2
Fighting       | 4 5 6 8 9 10 11 13 15 17 19 20 21 22 | 22.9
Dodging        | 1 2 3 4 5 6 7 8 |  8.0
Stealth        | 1 3 4 5 |  5.0
Evocations     | 1 2 3 4 |  4.2
Invocations    | 2 5 8 10 | 10.1
Maces & Flails | 2 3 |  3.0
Spellcasting   | 3 7 9 10 11 | 11.0
Charms         | 2 6 |  6.7
Necromancy     | 2 7 9 10 | 10.9
Throwing       | |  0.6
Unarmed Combat | |  0.1

Action                   |  1- 3 |  4- 6 |  7- 9 | 10-12 | 13-15 | 16-18 | 19-21 | 22-24 || total
-------------------------+-------+-------+-------+-------+-------+-------+-------+-------++-------
Melee: Quarterstaff      |    97 |   228 |   358 |   713 |  1259 |   933 |       |       ||  3588
       Lajatang          |       |       |       |       |   248 |  1093 |  1960 |  1128 ||  4429
       Great mace        |       |       |       |       |       |     6 |       |   193 ||   199
       Unarmed           |       |       |       |       |       |     3 |       |       ||     3
       Staff             |       |       |       |       |       |       |    17 |       ||    17
Throw: Javelin           |       |       |       |       |     2 |       |       |       ||     2
 Cast: Regeneration      |       |       |       |       |       |       |       |     3 ||     3
Invok: Heroism           |       |       |       |     6 |     5 |    14 |    17 |     5 ||    47
       Finesse           |       |       |       |       |       |     2 |       |       ||     2
 Abil: Dig               |       |     1 |     4 |     8 |     6 |    31 |    38 |    13 ||   101
       Evoke Flight      |       |       |       |       |       |     2 |     5 |     1 ||     8
Evoke: Wand              |       |       |       |    22 |       |       |       |       ||    22
  Use: Scroll            |     3 |     1 |     4 |     2 |     8 |    11 |    12 |    11 ||    52
       Potion            |       |       |     4 |       |     1 |     8 |     3 |     2 ||    18
 Stab: Paralysed         |       |       |       |     4 |       |       |       |       ||     4
       Petrified         |       |       |       |       |     8 |       |       |       ||     8
       Distracted        |       |       |       |       |       |     1 |       |       ||     1
  Eat: Chunk             |       |     5 |    12 |    11 |    17 |     9 |    18 |    11 ||    83
       Ration            |       |       |       |     1 |     3 |     8 |     6 |     4 ||    22
Armor: Scale mail        |    35 |    15 |       |       |       |       |       |       ||    50
       Chain mail        |       |    92 |   131 |   247 |   431 |    91 |       |       ||   992
       Plate armour      |       |       |       |       |       |   300 |   196 |   215 ||   711
       Crystal plate arm |       |       |       |       |       |       |   149 |       ||   149
Dodge: Dodged            |    29 |    73 |    84 |   207 |   269 |   232 |   209 |   378 ||  1481
       Deflected         |       |       |       |       |     8 |       |       |    12 ||    20
Block: Shield            |    45 |   111 |   144 |   356 |   226 |       |       |       ||   882
       Buckler           |       |       |    12 |       |       |       |       |       ||    12
       Large shield      |       |       |       |       |  1027 |  1692 |  1434 |  1608 ||  5761
       Reflection        |       |       |       |       |       |       |       |    14 ||    14
